 Dungeon Crawl Stone Soup version 0.26-a0-540-g8a0c9464d7 (webtiles) character file.

Game seed: 17449291397750605303

412 holomanga the Chopper (level 6, 0/53 HPs)
             Began as a Hill Orc Fighter on Aug 21, 2020.
             Was an Initiate of Trog.
             Splashed by Ijyb's acid (16 damage)
             ... on level 5 of the Dungeon.
             The game lasted 00:06:40 (3484 turns).

holomanga the Chopper (Hill Orc Fighter)            Turns: 3484, Time: 00:06:40

Health: 0/53       AC:  3    Str: 21    XL:     6   Next: 90%
Magic:  6/6        EV:  6    Int: 13    God:    Trog [......]
Gold:   145        SH: 14    Dex: 13    Spells: 5/5 levels left

rFire    . . .     SeeInvis +   y - +0 war axe "Omnoby" {elec, Int+5 Dex+3 SInv} (curse)
rCold    . . .     Faith    .   x - +0 tower shield
rNeg     . . .     Spirit   .   b - +0 scale mail
rPois    .         Reflect  .   (no helmet)
rElec    .         Harm     .   (no cloak)
rCorr    .                      (no gloves)
MR       .....                  (no boots)
Stlth    ..........             (no amulet)
HPRegen  0.17/turn              k - ring of flight
MPRegen  0.10/turn              (no ring)

@: corroded
A: no striking features
a: Renounce Religion, Evoke Flight


You were on level 5 of the Dungeon.
You worshipped Trog.
Trog was noncommittal.
You visited 1 branch of the dungeon, and saw 6 of its levels.

You collected 249 gold pieces.
You spent 104 gold pieces at shops.

Inventory:

Hand Weapons
 a - a +0 war axe
 y - the cursed +0 war axe "Omnoby" (weapon) {elec, Int+5 Dex+3 SInv}
   (You found it on level 4 of the Dungeon)

   Occasionally, upon striking a foe, it will discharge some electrical energy
   and cause terrible harm.
   It affects your intelligence (+5).
   It affects your dexterity (+3).
   It lets you see invisible.
   It has a curse placed upon it.
Armour
 b - a +0 scale mail (worn)
 c - a +0 kite shield
 x - a +0 tower shield (worn)
Jewellery
 k - a ring of flight (left hand)
 s - an uncursed amulet of regeneration {unknown}
Wands
 e - a wand of random effects (17)
 t - a wand of disintegration (5)
 w - a wand of iceblast (10)
Scrolls
 f - 2 scrolls of teleportation
 h - a scroll of fear
 i - a scroll of random uselessness
 j - 4 scrolls of remove curse
 m - a scroll of blinking
 r - a scroll of magic mapping {unknown}
 z - a scroll of fog {unknown}
 A - 3 scrolls of identify
Potions
 d - 2 potions of might
 g - 2 potions of stabbing
 l - a potion of cancellation {unknown}
 n - a potion of heal wounds {unknown}
 o - a potion of flight {unknown}
 p - a potion of lignification {unknown}
 q - a potion of invisibility {unknown}
 u - 2 potions of haste {unknown}
 v - 3 potions of curing {unknown}


   Skills:
 + Level 4.7 Fighting
 + Level 6.2 Axes
 + Level 5.0 Armour
 + Level 0.6 Dodging
 + Level 0.3 Stealth
 + Level 4.4 Shields


You had 5 spell levels left.
You didn't know any spells.
Your spell library was empty.

Dungeon Overview and Level Annotations

Branches:
Dungeon (6/15)
 Temple: D:4-7

Altars:
Ashenzari
Dithmenos
Ru
Sif Muna
Trog
Yredelemnul
Zin

Shops:
D:4 ?

Annotations:
D:5 Ijyb


Message History

You kill the ogre!
Trog accepts your kill.
Your Axes skill increases to level 6!
Your Armour skill increases to level 5!
Things that are here:
a +0 giant spiked club; an ogre corpse HP restored.
You now have 129 gold pieces (gained 12).
You now have 145 gold pieces (gained 16).
Ijyb the Twisted Goblin comes into view.
She is wielding a +0 club and carrying a wand of acid (8).
Ijyb shouts!
You hear a shout!
You see here a cyan potion.
Ijyb is nearby!
You block Ijyb's attack.
You closely miss Ijyb.
Ijyb zaps a wand.
The bolt of acid misses you.
You slash Ijyb!
Ijyb is heavily wounded.
Ijyb zaps a wand.
The bolt of acid hits you!
You are splashed with acid!
Ijyb zaps a wand.
The bolt of acid hits you! The acid corrodes you!
You are splashed with acid!
You die...

........# ... .#...#
........####.# .#...#
.†>.....##.?.# ...#.#
##$###.....### .....#
#.# ##<#....###.....#
#..###....#..!..#
#.....#....###.##
#.###..#.#.###..# #
#............#.@#..
#..>.<.....)....g......
.......................
........[...>..........
................###....
................# ....
.................. ...
.........[....#..# ..
...........(..#.##


You could see Ijyb.

Vanquished Creatures
  2 ogres
  A bullfrog (D:4)
  A bullfrog skeleton (D:4)
  Terence (D:3)
  A hound zombie (D:6)
  A gnoll (D:1)
  5 adders
  An adder skeleton (D:5)
  A worm (D:3)
  The ghost of Yorgos the Covert, a weakling GnDe (D:4)
  A leopard gecko (D:3)
  An orc (D:3)
  2 giant cockroaches (D:2)
  6 hobgoblins
  4 jackals (D:1)
  5 kobolds
  2 quokkas (D:3)
  2 ball pythons
  4 bats
  4 frilled lizards
  9 goblins
  A leopard gecko skeleton (D:4)
  8 rats
64 creatures vanquished.

Notes
Turn   | Place    | Note
-------+----------+-------------------------------------------
     0 | D:1      | holomanga the Hill Orc Fighter began the quest for the Orb.
     0 | D:1      | Reached XP level 1. HP: 19/19 MP: 1/1
    64 | D:1      | Reached XP level 2. HP: 17/27 MP: 2/2
   327 | D:1      | Reached XP level 3. HP: 32/33 MP: 3/3
   537 | D:1      | Reached skill level 3 in Axes
  1005 | D:2      | Found a shattered altar of Ashenzari.
  1005 | D:2      | Found a shimmering blue altar of Sif Muna.
  1538 | D:3      | Noticed Terence
  1542 | D:3      | Reached XP level 4. HP: 36/40 MP: 4/4
  1553 | D:3      | Killed Terence
  1757 | D:3      | Reached skill level 4 in Axes
  1844 | D:3      | You fall into a shaft and drop 3 floors!
  1880 | D:5      | Entered Level 5 of the Dungeon
  1971 | D:4      | Found a runed translucent door.
  1974 | D:4      | Noticed a bullfrog
  1987 | D:4      | Found Reczuqu's Magic Scroll Emporium.
  1990 | D:4      | Bought a scroll of identify for 26 gold pieces
  1990 | D:4      | Bought a scroll of identify for 26 gold pieces
  1990 | D:4      | Bought a scroll of identify for 26 gold pieces
  1990 | D:4      | Bought a scroll of identify for 26 gold pieces
  2006 | D:4      | Noticed Yorgos's ghost (weakling GnDe)
  2014 | D:4      | Reached XP level 5. HP: 36/46 MP: 5/5
  2023 | D:4      | Reached skill level 5 in Axes
  2029 | D:4      | Killed Yorgos's ghost
  2382 | D:4      | Noticed an ogre
  2391 | D:4      | Killed an ogre
  2391 | D:4      | Reached XP level 6. HP: 47/53 MP: 6/6
  2866 | D:4      | Got a crystal war axe
  2867 | D:4      | Identified the cursed +0 war axe "Omnoby" {elec, Int+5
                  | Dex+3 SInv} (You found it on level 4 of the Dungeon)
  2928 | D:3      | Found a basalt altar of Yredelemnul.
  2929 | D:3      | Found a sacrificial altar of Ru.
  2929 | D:3      | Found a glowing silver altar of Zin.
  2929 | D:3      | Found a bloodstained altar of Trog.
  2939 | D:3      | Became a worshipper of Trog the Wrathful
  2968 | D:3      | Found a shadowy altar of Dithmenos.
  3413 | D:5      | Reached skill level 6 in Axes
  3413 | D:5      | Reached skill level 5 in Armour
  3479 | D:5      | Noticed Ijyb
  3484 | D:5      | Splashed by Ijyb's acid

Illustrated notes

Levels and vault maps discovered:
D:1:      scummos_arrival_checkerplants, layout_basic
D:2:      layout_loops_ring, gammafunk_temple_overflow_elements
D:3:      layout_basic, chequers_temple_overflow_statue_of_worship,
          lemuel_crystal_altar, uniq_terence
D:4:      layout_rooms, serial_shops, kennysheep_mini_moat,
          ebering_ghost_sewer_d
D:5:      layout_rooms, minmay_temple_entry_arrows, uniq_ijyb
D:6:      layout_loops_corners, uniq_edmund

Skill      XL: |  1  2  3  4  5  6 |
---------------+-------------------+-----
Armour         | 4 5 |  5.0
Axes           | 3 4 5 6 |  6.2
Fighting       | 4 |  4.7
Shields        | 4 |  4.4
Dodging        | |  0.6
Stealth        | |  0.3

Action                   |  1- 3 |  4- 6 || total
-------------------------+-------+-------++-------
Melee: War axe           |   104 |   101 ||   205
  Use: Scroll            |     2 |     4 ||     6
Armor: Scale mail        |    39 |    40 ||    79
Dodge: Dodged            |    34 |    27 ||    61
Block: Kite shield       |    61 |    47 ||   108
       Tower shield      |       |    19 ||    19

Table legend: (Time is in decaauts)
 A = Elapsed time spent in this place.
 B = Non-inter-level travel time spent in this place.
 C = Inter-level travel time spent in this place.
 D = Time resting spent in this place.
 E = Time spent auto-exploring this place.
 F = Levels seen in this place.
 G = Mean time per level.
                   A        B        C        D        E       F      G
               +--------+--------+--------+--------+--------+-----+--------+
         Total |   3572 |   3525 |     47 |      0 |   2703 |   6 |  595.3 |
       Dungeon |   3572 |   3525 |     47 |      0 |   2703 |   6 |  595.3 |
               +--------+--------+--------+--------+--------+-----+--------+

Top non-repeatable levels by time:
     D:4: 1043 daAuts
     D:1: 873 daAuts
     D:3: 798 daAuts
     D:2: 704 daAuts
     D:5: 115 daAuts
     D:6: 37 daAuts
